 Dungeon Crawl Stone Soup version 0.20.1-1-g8b1a95d (webtiles) character file.

80632 Kagerus the Bludgeoner (level 16, -9/115 HPs)
             Began as a Human Fighter on July 28, 2017.
             Was a High Priest of the Shining One.
             Mangled by a large slime creature (32 damage)
             ... on level 1 of the Swamp.
             The game lasted 01:57:14 (32120 turns).

Kagerus the Bludgeoner (Human Fighter)             Turns: 32120, Time: 01:57:15

Health: -9/115     AC: 21    Str: 22    XL:     16   Next: 15%
Magic:  20/20      EV:  7    Int:  8    God:    the Shining One [*****.]
Gold:   1193       SH: 15    Dex: 15    Spells: 15/15 levels left

rFire    + . .     SeeInvis .   v - +6 flail "Deptua Ciops" {crush, rF+}
rCold    . . .     Gourm    .   c - +0 shield
rNeg     + + +     Faith    .   h - +0 plate armour
rPois    +         Spirit   .   F - +0 helmet
rElec    .         Reflect  +   u - scarf {cloud immunity}
rCorr    .         Harm     .   J - +0 pair of gloves
MR       +....     Rnd*Tele +   E - +1 pair of boots
Stlth    ..........             D - +2 amulet of reflection
Regen    0.3/turn               i - ring of positive energy
MPRegen  0.2/turn               y - ring of poison resistance

@: glowing
A: blurry vision 1, low mp 1, teleportitis 1
a: Divine Shield, Cleansing Flame, Summon Divine Warrior, Renounce Religion


You were on level 1 of the Swamp.
You worshipped the Shining One.
The Shining One was extremely pleased with you.
You were very hungry.

You visited 4 branches of the dungeon, and saw 19 of its levels.
You also visited: Labyrinth and Ice Cave.

You collected 1346 gold pieces.
You spent 153 gold pieces at shops.

Inventory:

Hand Weapons
 s - a +0 morningstar of protection
 v - the +6 flail "Deptua Ciops" (weapon) {crush, rF+}
   (You bought it in a shop on level 7 of the Dungeon)

   It inflicts extra damage upon your enemies.
   It protects you from fire.
 R - a +1 whip of electrocution
Armour
 c - a +0 shield (worn)
 h - a +0 plate armour (worn)
 u - a scarf of cloud immunity (worn)
 E - a +1 pair of boots (worn)
 F - a +0 helmet (worn)
 J - a +0 pair of gloves (worn)
Jewellery
 i - a ring of positive energy (left hand)
 y - a ring of poison resistance (right hand)
 D - a +2 amulet of reflection (around neck)
 P - a +3 ring of dexterity
 Z - an uncursed amulet of guardian spirit
Wands
 e - a wand of confusion (17/48)
 H - a wand of polymorph (13/24)
 L - a wand of scattershot (6/9)
 O - a wand of acid (6/15)
 Q - a wand of lightning (7/15)
 S - a wand of confusion (17/48)
 T - a wand of lightning (7/15)
 U - a wand of paralysis (16/24)
 V - a wand of acid (4/15)
 X - a wand of clouds (3/9)
Scrolls
 b - 5 scrolls of remove curse
 d - 7 scrolls of enchant weapon
 j - 5 scrolls of fog
 o - 2 scrolls of magic mapping
 t - 12 scrolls of teleportation
 w - a scroll of holy word
 z - a scroll of recharging
 A - a scroll of acquirement {unknown}
 B - 5 scrolls of amnesia
 G - 2 scrolls of enchant armour
 I - 7 scrolls of blinking
 W - 2 scrolls of identify
 Y - a scroll of immolation
Potions
 g - 7 potions of cancellation
 k - 6 potions of flight
 l - 2 potions of might
 m - a potion of resistance
 p - 4 potions of haste
 q - 3 potions of invisibility
 r - 4 potions of agility
 x - 4 potions of magic
 K - a potion of ambrosia
 M - 5 potions of curing
Comestibles
 a - 6 meat rations
 f - 14 bread rations
 n - 2 royal jellies
 N - 5 fruits


   Skills:
 - Level 7.6 Fighting
 * Level 17.0 Maces & Flails
 + Level 13.0 Armour
 + Level 13.0 Shields
 - Level 9.1 Invocations


You had 15 spell levels left.
You didn't know any spells.

Dungeon Overview and Level Annotations

Branches:
Dungeon (11/15)            Temple (1/1) D:6            Lair (6/6) D:9
  Swamp (1/4) Lair:3        Snake (0/4) Lair:3        Slime (0/5) Lair:6
    Orc: D:9-12

Altars:
Ashenzari
Cheibriados
Dithmenos
Elyvilon
Fedhas
Gozag
Hepliaklqana
Kikubaaqudgha
Makhleb
Nemelex Xobeh
Okawaru
Qazlal
Ru
Sif Muna
Trog
Uskayaw
Vehumet
Xom
Yredelemnul
Zin
The Shining One
Jiyva

Shops:
D:4 }   D:6 *   D:7 (   D:9 ?

Annotations:
D:7 exclusion: ice statue


Innate Abilities, Weirdness & Mutations

Scrolls take you a little longer to read.
Your magical capacity is low. (-10% MP)
You are occasionally teleported next to monsters.


Message History

The large slime creature hits you!
You hit the large slime creature.
The large slime creature is almost dead.
You block the swamp worm's attack. You block the slime creature's attack.
The slime creature hits you but does no damage.
You sock the large slime creature!
The large slime creature is almost dead.
You block the swamp worm's attack. The large slime creature hits you!!
* * * LOW HITPOINT WARNING * * *
The slime creature hits you but does no damage.
Really read with blurry vision while enemies are nearby? [Y]es or [N]o only, please.
Really read with blurry vision while enemies are nearby? [Y]es or [N]o only, please.
Really read with blurry vision while enemies are nearby?
The slime creature hits you but does no damage.
The swamp worm barely misses you.
You begin reading the scroll.
You continue reading the scroll.
The large slime creature hits you!!
You die...

...≈≈..♣♣ ≈≈≈≈≈§.♣♣
≈..≈≈≈≈.♣♣ ≈≈≈≈≈≈≈≈.≈♣
≈.≈.≈≈≈.≈♣ ≈≈≈≈≈..≈.♣♣
.≈♣..≈≈..♣ ≈.J≈≈.≈≈≈†♣
.....≈.♣♣♣ .....≈≈≈.♣
..≈≈≈..♣ .w≈≈.♣♣♣♣♣
..≈≈≈≈.♣ ♣♣♣ ♣.≈≈≈≈♣
..≈≈≈≈.♣♣ ♣≈♣♣♣♣≈≈≈.♣
≈.≈≈≈≈..♣♣♣♣♣♣≈J@J..>≈♣
≈≈..≈≈≈.≈♣♣.....Jw≈≈≈...♣
...♣....≈...≈≈..≈≈≈≈≈≈..≈♣
.......≈.≈≈≈≈≈≈.≈≈≈≈≈≈..♣♣
...≈.≈≈..≈≈≈≈≈...≈≈≈≈≈≈...
.≈♣≈..≈≈.≈≈≈≈≈≈.≈≈.≈≈≈≈≈.≈≈
♣♣≈....≈≈≈≈≈≈≈≈≈≈...≈≈≈≈.≈≈
.≈≈....≈≈≈≈≈≈≈≈≈≈≈........≈
≈≈≈[≈...≈≈≈≈≈≈≈≈≈≈..≈♣


You could see a large slime creature, 2 slime creatures and a swamp worm.

Vanquished Creatures
  Frances (Swamp:1)
  A thorn hunter (Swamp:1)
  The ghost of nataq the Nimble, a journeyman DsFi of Cheibriados (Lair:4)
  A very ugly thing (Swamp:1)
  A minotaur (Lab)
  The ghost of Knicklaso the Basher, a novice OgWr of the Shining One (D:8)
  8 hydras
  5 catoblepae
  8 death yaks
  Erica (D:9)
  5 two-headed ogres
  A queen ant (Lair:2)
  4 alligators
  The ghost of baghtru the Cleaver, a novice HOFi (D:6)
  A fire crab (Lair:6)
  An unseen horror (D:11)
  A shambling mangrove (Lair:3)
  A swamp dragon (Swamp:1)
  A necromancer (IceCv)
  2 manticores (Lair:6)
  7 elephants
  5 ice statues (IceCv)
  8 black mambas
  14 spiny frogs
  Psyche (D:8)
  A gargoyle (Lab)
  2 rime drakes
  10 ice devils (IceCv)
  2 trolls
  5 komodo dragons
  2 polar bears
  4 hornets
  2 tyrant leeches (Lair:3)
  A minotaur skeleton (Lab)
  6 slime creatures (Swamp:1)
  Grinder (D:6)
  2 bog bodies (Swamp:1)
  6 hippogriffs
  7 dream sheep (Lair:6)
  16 blink frogs
  2 shadows (Swamp:1)
  3 spriggans (Swamp:1)
  2 wyverns
  2 redbacks (Lab)
  4 basilisks
  47 yaks
  A hungry ghost (D:10)
  2 vampire mosquitoes (Lair:3)
  4 swamp worms (Swamp:1)
  3 nagas (Lair:3)
  12 soldier ants (Lair:2)
  9 porcupines
  3 ice beasts
  12 water moccasins
  A black bear (D:7)
  4 orc warriors
  2 swamp drakes (Swamp:1)
  5 sky beasts
  4 ogres
  2 phantoms
  5 necrophages
  19 wolves
  3 centaurs
  12 crocodiles
  Blork the orc (D:6)
  10 bullfrogs
  A big kobold (D:6)
  3 wyvern zombies
  A water moccasin skeleton (D:11)
  3 scorpions
  12 killer bees
  A howler monkey (D:8)
  2 crimson imps
  2 bullfrog zombies (D:6)
  2 draconian simulacra (IceCv)
  2 centaur zombies
  4 hounds
  6 orc priests
  A centaur skeleton (D:4)
  3 jellies
  A gnoll shaman (D:4)
  5 iguanas
  8 orc wizards
  12 hell rats (Lair:5)
  39 worker ants
  A killer bee zombie (D:9)
  2 spriggan simulacra (IceCv)
  A troll simulacrum (IceCv)
  A centaur simulacrum (IceCv)
  A hound zombie (D:7)
  4 hound skeletons
  Robin (D:3)
  3 worker ant zombies
  7 gnolls
  12 adders
  4 naga simulacra (IceCv)
  3 shadow imps
  2 adder zombies
  4 worms
  A dart slug (D:1)
  5 leopard geckos
  39 orcs
  9 bats
  7 giant cockroaches
  15 goblins
  13 hobgoblins
  14 jackals
  3 kobolds
  6 quokkas
  5 ball pythons
  7 frilled lizards
  A jackal zombie (D:6)
  A quokka skeleton (D:6)
  3 quokka zombies
  5 rats
  A briar patch (Swamp:1)
611 creatures vanquished.

Vanquished Creatures (collateral kills)
  A spriggan druid (Swamp:1)
  A black mamba (Swamp:1)
  2 spiny frogs (Swamp:1)
  4 hornets (Swamp:1)
  3 spriggans (Swamp:1)
  A naga (Lair:3)
  A ball python (Swamp:1)
13 creatures vanquished.

Vanquished Creatures (others)
  Nessos (Lair:6)
  A quokka (D:8)
  10 fungi
  22 plants
34 creatures vanquished.

Grand Total: 658 creatures vanquished

Notes
Turn   | Place    | Note
-------+----------+-------------------------------------------
     0 | D:1      | Kagerus the Human Fighter began the quest for the Orb.
     0 | D:1      | Reached XP level 1. HP: 18/18 MP: 1/1
    98 | D:1      | Reached XP level 2. HP: 24/24 MP: 2/2
   224 | D:1      | Reached skill level 3 in Maces & Flails
   375 | D:1      | Reached XP level 3. HP: 28/29 MP: 3/3
   973 | D:2      | Found an opulent altar of Gozag.
  1275 | D:2      | Reached skill level 4 in Maces & Flails
  1275 | D:2      | Reached XP level 4. HP: 32/35 MP: 4/4
  2111 | D:3      | Found an iron altar of Okawaru.
  2158 | D:3      | Reached XP level 5. HP: 40/41 MP: 5/5
  2174 | D:3      | Reached skill level 5 in Maces & Flails
  2610 | D:3      | Reached XP level 6. HP: 46/47 MP: 6/6
  2719 | D:3      | Noticed Robin
  2806 | D:3      | Killed Robin
  2806 | D:3      | Reached skill level 6 in Maces & Flails
  3251 | D:4      | Noticed an ogre
  3265 | D:4      | Killed an ogre
  3278 | D:4      | Reached XP level 7. HP: 17/52 MP: 7/7
  3556 | D:4      | Reached skill level 7 in Maces & Flails
  3650 | D:4      | Found Corghenia's Gadget Shoppe.
  4588 | D:5      | Entered Level 5 of the Dungeon
  4614 | D:5      | Reached skill level 8 in Maces & Flails
  5004 | D:4      | Reached XP level 8. HP: 54/58 MP: 8/8
  5343 | D:5      | Found an opulent altar of Gozag.
  5354 | D:5      | Found a deep blue altar of Sif Muna.
  5626 | D:5      | Found a glowing golden altar of the Shining One.
  5718 | D:5      | Became a worshipper of the Shining One
  5916 | D:6      | Found a shadowy altar of Dithmenos.
  5967 | D:6      | Found a staircase to the Ecumenical Temple.
  6118 | Temple   | Entered the Ecumenical Temple
  6526 | D:6      | Reached skill level 5 in Shields
  6540 | D:6      | Noticed baghtru's ghost (novice HOFi)
  7134 | D:6      | Found Inkevot's Assorted Antiques.
  7153 | D:6      | Reached skill level 5 in Armour
  7305 | D:6      | Noticed a seven-headed hydra
  7427 | D:5      | Reached XP level 9. HP: 47/63 MP: 9/9
  8280 | D:6      | Reached * piety under the Shining One
  8639 | D:6      | Noticed Grinder
  8657 | D:6      | Killed Grinder
  8951 | D:6      | Found an ancient bone altar of Kikubaaqudgha.
  9221 | D:6      | Noticed Blork the orc
  9226 | D:6      | Killed Blork the orc
  9512 | D:6      | Killed baghtru's ghost
  9512 | D:6      | Reached XP level 10. HP: 37/77 MP: 10/10
  9904 | D:7      | Reached ** piety under the Shining One
  9983 | D:7      | Found Caifayr's Antique Weapon Boutique.
 10014 | D:7      | Bought a crystal flail for 153 gold pieces
 10148 | D:7      | Identified the +6 flail "Deptua Ciops" {crush, rF+} (You bought it in a shop on level 7 of the Dungeon)
 10170 | D:7      | Found a bloodstained altar of Trog.
 10328 | D:7      | Found a shattered altar of Ashenzari.
 10328 | D:7      | Found a sacrificial altar of Ru.
 10493 | D:7      | Noticed an ice statue
 10689 | D:8      | Noticed Psyche
 10695 | D:8      | Killed Psyche
 10695 | D:8      | Reached skill level 9 in Maces & Flails
 10744 | D:8      | Noticed a kobold demonologist
 10750 | D:8      | Noticed a great orb of eyes
 10942 | D:8      | Noticed a two-headed ogre
 10943 | D:8      | Noticed Knicklaso's ghost (novice OgWr)
 10994 | D:8      | Killed a two-headed ogre
 11095 | D:8      | Killed Knicklaso's ghost
 11095 | D:8      | Reached XP level 11. HP: 84/84 MP: 8/11
 11259 | D:8      | Found a white marble altar of Elyvilon.
 11564 | D:9      | Noticed Erica
 11588 | D:9      | Killed Erica
 11588 | D:9      | Reached skill level 10 in Maces & Flails
 11880 | D:9      | Noticed a two-headed ogre
 11890 | D:9      | Killed a two-headed ogre
 12010 | D:9      | Found a staircase to the Lair.
 12136 | D:9      | Found a burning altar of Makhleb.
 12270 | D:9      | Found a blossoming altar of Fedhas.
 12500 | D:9      | Found Xuwoethrithro's Magic Scroll Shoppe.
 12672 | Lair:1   | Entered Level 1 of the Lair of Beasts
 12741 | D:9      | Reached *** piety under the Shining One
 12961 | D:10     | Entered Level 10 of the Dungeon
 12971 | D:10     | Reached skill level 11 in Maces & Flails
 13809 | D:11     | Found a frozen archway.
 13817 | IceCv    | Entered an ice cave
 14716 | IceCv    | Reached XP level 12. HP: 30/91 MP: 12/12
 15052 | IceCv    | Reached **** piety under the Shining One
 15392 | IceCv    | Reached skill level 12 in Maces & Flails
 16571 | D:11     | Noticed a two-headed ogre
 16580 | D:11     | Killed a two-headed ogre
 16637 | D:11     | Noticed a two-headed ogre
 16645 | D:11     | Killed a two-headed ogre
 16645 | D:11     | Reached skill level 5 in Invocations
 16695 | D:11     | Noticed a two-headed ogre
 16696 | D:11     | Noticed an unseen horror
 16707 | D:11     | Killed an unseen horror
 16711 | D:11     | Killed a two-headed ogre
 17433 | Lair:1   | Reached XP level 13. HP: 74/97 MP: 19/19
 17837 | Lair:1   | Noticed a catoblepas
 17852 | Lair:1   | Killed a catoblepas
 18146 | Lair:2   | Reached ***** piety under the Shining One
 18218 | Lair:2   | Found a labyrinth entrance.
 18227 | Lab      | Entered a labyrinth
 18933 | Lab      | Noticed a minotaur
 18947 | Lab      | Killed a minotaur
 18947 | Lab      | Reached skill level 10 in Armour
 18947 | Lab      | Reached skill level 10 in Shields
 18961 | Lab      | Got a heavily runed turquoise ring
 19101 | Lair:1   | Identified the ring of Hiqile {MR- EV+3 Str+3 Stlth+} (You found it in a labyrinth)
 19204 | Lair:2   | Reached skill level 13 in Maces & Flails
 20102 | Lair:2   | Got a sparkling graven amulet
 20521 | Lair:2   | Found a deep blue altar of Sif Muna.
 20734 | Lair:2   | Identified the amulet of Temptation {Harm *Drain +Blink +Inv MR-} (You found it on level 2 of the Lair of Beasts)
 21029 | Lair:3   | Noticed a five-headed hydra
 21046 | Lair:3   | Killed a five-headed hydra
 21452 | Lair:3   | Found a staircase to the Swamp.
 21528 | Lair:3   | Found a staircase to the Snake Pit.
 21534 | Lair:3   | Reached XP level 14. HP: 73/103 MP: 11/20
 22096 | Lair:3   | Reached skill level 14 in Maces & Flails
 23335 | Lair:4   | Noticed nataq's ghost (journeyman DsFi)
 23391 | Lair:4   | Killed nataq's ghost
 25008 | Lair:5   | Reached skill level 15 in Maces & Flails
 25034 | Lair:6   | Entered Level 6 of the Lair of Beasts
 26071 | Lair:6   | Noticed Nessos
 26310 | Lair:5   | Reached XP level 15. HP: 99/109 MP: 21/21
 26644 | Lair:6   | Killed Nessos
 26678 | Lair:6   | Found a staircase to the Slime Pits.
 26680 | Lair:6   | Found a viscous altar of Jiyva.
 27819 | Lair:6   | Reached skill level 16 in Maces & Flails
 28698 | Lair:6   | Identified Dyawuud's Almanac of the Arsonist and the Traveller
 29363 | Swamp:1  | Entered Level 1 of the Swamp
 29363 | Swamp:1  | Noticed a red very ugly thing
 29675 | Swamp:1  | Killed a red very ugly thing
 29715 | Swamp:1  | Noticed Frances
 30227 | Swamp:1  | Gained mutation: Scrolls take you a little longer to read. [a neqoxec]
 30228 | Swamp:1  | Gained mutation: You are occasionally teleported next to monsters. [a neqoxec]
 30232 | Swamp:1  | Gained mutation: Your magical capacity is low. (-10% MP) [a neqoxec]
 30238 | Swamp:1  | Killed Frances
 30443 | Swamp:1  | Noticed a thorn hunter
 30461 | Swamp:1  | Killed a thorn hunter
 31122 | Swamp:1  | Reached XP level 16. HP: 16/115 MP: 20/20
 31775 | Swamp:1  | Reached skill level 17 in Maces & Flails
 32120 | Swamp:1  | Mangled by a large slime creature

Skill      XL: |  1  2  3  4  5  6  7  8  9 10 11 12 13 14 15 16 |
---------------+-------------------------------------------------+-----
Maces & Flails | 3 4 5 6 8 9 11 12 13 15 16 17 | 17.0
Armour         | 5 7 8 9 10 11 12 13 | 13.0
Shields        | 5 7 8 9 10 11 12 13 | 13.0
Fighting       | 6 7 |  7.6
Invocations    | 8 9 |  9.1

Action                   |  1- 3 |  4- 6 |  7- 9 | 10-12 | 13-15 | 16-18 || total
-------------------------+-------+-------+-------+-------+-------+-------++-------
Melee: Flail             |   126 |    91 |       |   565 |  1257 |    79 ||  2118
       Mace              |       |   147 |    40 |       |       |       ||   187
       Morningstar       |       |       |   379 |    42 |       |       ||   421
       Whip              |       |       |       |       |    76 |       ||    76
Invok: Divine Shield     |       |       |       |     5 |     2 |     1 ||     8
       Summon Divine War |       |       |       |       |     3 |     1 ||     4
Evoke: Wand              |       |       |       |    15 |     6 |       ||    21
  Use: Scroll            |     1 |     4 |    11 |     9 |    13 |       ||    38
       Potion            |       |     1 |     2 |     1 |     2 |     3 ||     9
  Eat: Chunk             |       |     7 |    19 |     7 |    26 |     2 ||    61
       Fruit             |       |       |     3 |     4 |     6 |     1 ||    14
       Meat ration       |       |       |       |     3 |     2 |       ||     5
       Royal jelly       |       |       |       |     1 |     2 |       ||     3
Armor: Plate armour      |   112 |   131 |   286 |   208 |   567 |    35 ||  1339
Dodge: Dodged            |    16 |    31 |    54 |    74 |   224 |    18 ||   417
Block: Shield            |    64 |   119 |   242 |   300 |   864 |    49 ||  1638
       Reflection        |       |       |       |     3 |    10 |       ||    13
